[ AOE2 MATCH · #470654073 ]
UnrankedKhitans vs Britons
[ REPLAY ANALYSIS · EXTRACTED FROM THE RECORDED GAME ]
Feudal
10:32
Castle
16:12
Imperial
31:45
| APM avg | 17.9 |
| APM peak | 41 |
| eAPM avg | 14.9 |
| Villagers / military | 140 / 145 |
Focus
⚔️ 39.3% · 🌾 60.7%
Scout Cavalry ×71 · Steppe Lancer ×63 · Unknown (1920) ×11 · Trebuchet (Packed) ×10 · Trade Cart ×3 · Monk ×1
Feudal
11:09
Castle
17:06
Imperial
30:43
| APM avg | 31.8 |
| APM peak | 78 |
| eAPM avg | 22.1 |
| Villagers / military | 134 / 144 |
Focus
⚔️ 24.3% · 🌾 75.7%
Longbowman ×55 · Skirmisher ×45 · Spearman ×26 · Fishing Ship ×14 · Trade Cart ×8 · Mangonel ×6
Feudal
11:56
Castle
16:03
Imperial
35:37
| APM avg | 34.2 |
| APM peak | 68 |
| eAPM avg | 16.1 |
| Villagers / military | 138 / 177 |
Focus
⚔️ 25.8% · 🌾 74.2%
Scout Cavalry ×87 · Longbowman ×83 · Fishing Ship ×6 · Battering Ram ×4 · Monk ×1 · Trade Cart ×1
Feudal
—
Castle
—
Imperial
—
| APM avg | 10.7 |
| APM peak | 30 |
| eAPM avg | 8.7 |
| Villagers / military | 67 / 102 |
Focus
⚔️ 20.8% · 🌾 79.2%
Elephant Archer ×99 · Trade Cart ×12 · Trebuchet (Packed) ×3 · Fishing Ship ×2
Feudal
13:11
Castle
20:20
Imperial
32:39
| APM avg | 22.2 |
| APM peak | 69 |
| eAPM avg | 15.0 |
| Villagers / military | 64 / 207 |
Focus
⚔️ 23.9% · 🌾 76.1%
Skirmisher ×122 · Spearman ×81 · Trade Cart ×22 · Fishing Ship ×5 · Trebuchet (Packed) ×3 · Demolition Raft ×1
Feudal
11:58
Castle
19:14
Imperial
32:37
| APM avg | 30.7 |
| APM peak | 71 |
| eAPM avg | 12.7 |
| Villagers / military | 97 / 65 |
Focus
⚔️ 26.6% · 🌾 73.4%
Hand Cannoneer ×31 · Spearman ×29 · Trade Cart ×13 · Fishing Ship ×8 · Mangonel ×2 · Trebuchet (Packed) ×2
Match map
Initial resources + every placement click. Lines = walls · curves = elevation contours. ◆ gold · ⬟ stone · ● berries · ✦ relic · ◌ wall gap
Your base· ✓ Closed at 16:12 · 0t walls · no gate
watchout0723's base· ✓ Closed at 17:06 · 10t walls · no gate
Coffe Pot Bot's base· ✓ Closed at 16:03 · 0t walls · no gate
TeBosMSU's base· ✓ Closed at 19:10 · 28t walls · 1 gate(s)
BoatyMcBoatface's base· ✓ Closed at 20:20 · 12t walls · no gate
ReddieSWE's base· ✓ Closed at 19:14 · 9t walls · no gate
Smoothed initial terrain · ◌ = detected wall gap · hover for details
Inputs per minute
— RedGrant - - watchout0723
Build order — RedGrant
First 150 of 413 actions detected
| 0:01 | Create | Villager (Male) |
| 0:02 | Create | Villager (Male) |
| 0:02 | Create | Villager (Male) |
| 0:02 | Create | Villager (Male) |
| 0:02 | Create | Villager (Male) |
| 0:04 | Build | House |
| 0:07 | Build | House |
| 1:26 | Create | Villager (Male) |
| 1:26 | Create | Villager (Male) |
| 2:16 | Create | Villager (Male) |
| 2:17 | Create | Villager (Male) |
| 2:33 | Create | Villager (Male) |
| 2:33 | Create | Villager (Male) |
| 2:51 | Build | Lumber Camp |
| 3:14 | Create | Villager (Male) |
| 3:14 | Create | Villager (Male) |
| 3:14 | Create | Villager (Male) |
| 3:33 | Create | Villager (Male) |
| 3:34 | Create | Villager (Male) |
| 4:01 | Create | Villager (Male) |
| 4:01 | Create | Villager (Male) |
| 4:18 | Create | Villager (Male) |
| 4:18 | Create | Villager (Male) |
| 4:24 | Build | Mill |
| 4:46 | Create | Villager (Male) |
| 5:03 | Build | House |
| 5:10 | Research | Loom |
| 5:11 | Create | Villager (Male) |
| 5:45 | Create | Villager (Male) |
| 5:45 | Create | Villager (Male) |
| 5:46 | Create | Villager (Male) |
| 7:04 | Build | Mining Camp |
| 7:10 | Build | House |
| 7:20 | Build | House |
| 7:31 | Create | Villager (Male) |
| 7:32 | Create | Villager (Male) |
| 8:22 | Research | Feudal Age |
| 8:46 | Build | Mill |
| 9:14 | Build | Pasture |
| 10:32 | Age | Feudal Age |
| 10:37 | Build | Market |
| 10:41 | Create | Villager (Male) |
| 10:41 | Create | Villager (Male) |
| 11:21 | Create | Villager (Male) |
| 11:29 | Build | Blacksmith |
| 11:54 | Create | Villager (Male) |
| 12:20 | Build | Pasture |
| 13:02 | Create | Villager (Male) |
| 13:32 | Research | Castle Age |
| 14:17 | Build | House |
| 14:19 | Build | House |
| 14:25 | Create | Villager (Male) |
| 14:26 | Create | Villager (Male) |
| 14:31 | Research | Double-Bit Axe |
| 14:35 | Research | Tech 1014 |
| 15:00 | Create | Villager (Male) |
| 15:01 | Create | Villager (Male) |
| 15:49 | Build | Barracks |
| 16:12 | Age | Castle Age |
| 16:16 | Create | Villager (Male) |
| 16:28 | Build | Town Center |
| 16:39 | Create | Villager (Male) |
| 17:03 | Research | Stone Mining |
| 17:21 | Create | Villager (Male) |
| 17:33 | Create | Villager (Male) |
| 17:42 | Build | Stable |
| 17:55 | Build | Stable |
| 18:02 | Create | Villager (Male) |
| 18:03 | Create | Villager (Male) |
| 18:03 | Create | Villager (Male) |
| 18:20 | Create | Villager (Male) |
| 18:20 | Create | Villager (Male) |
| 18:47 | Build | Pasture |
| 19:00 | Build | Pasture |
| 19:25 | Build | Town Center |
| 19:48 | Create | Villager (Male) |
| 19:48 | Create | Villager (Male) |
| 19:49 | Create | Villager (Male) |
| 19:51 | Create | Villager (Male) |
| 19:59 | Build | Pasture |
| 20:25 | Create | Villager (Male) |
| 20:29 | Build | Pasture |
| 20:48 | Build | Stable |
| 21:00 | Create | Villager (Male) |
| 21:00 | Create | Villager (Male) |
| 21:01 | Create | Villager (Male) |
| 21:16 | Create | Villager (Male) |
| 21:16 | Create | Villager (Male) |
| 21:29 | Create | Villager (Male) |
| 21:30 | Create | Villager (Male) |
| 21:30 | Create | Villager (Male) |
| 21:43 | Create | Villager (Male) |
| 21:43 | Create | Villager (Male) |
| 21:50 | Build | Pasture |
| 22:03 | Create | Villager (Male) |
| 22:03 | Create | Villager (Male) |
| 22:04 | Create | Villager (Male) |
| 22:18 | Build | House |
| 22:23 | Build | House |
| 22:26 | Build | House |
| 22:43 | Build | Pasture |
| 23:19 | Build | Castle |
| 23:28 | Create | Villager (Male) |
| 23:28 | Create | Villager (Male) |
| 23:28 | Create | Villager (Male) |
| 23:28 | Create | Villager (Male) |
| 23:29 | Create | Villager (Male) |
| 23:36 | Build | Monastery |
| 23:39 | Create | Villager (Male) |
| 23:39 | Create | Villager (Male) |
| 23:39 | Create | Villager (Male) |
| 23:40 | Create | Villager (Male) |
| 23:49 | Build | Pasture |
| 23:52 | Build | Pasture |
| 23:55 | Build | Pasture |
| 23:57 | Build | Pasture |
| 24:13 | Create | Villager (Male) |
| 24:24 | Research | Wheelbarrow |
| 24:34 | Create | Trade Cart |
| 24:34 | Create | Trade Cart |
| 24:35 | Create | Trade Cart |
| 24:40 | Create | Villager (Male) |
| 24:40 | Create | Villager (Male) |
| 24:41 | Create | Villager (Male) |
| 24:58 | Build | House |
| 25:01 | Build | House |
| 25:16 | Build | House |
| 25:18 | Build | House |
| 25:19 | Build | House |
| 25:20 | Build | House |
| 25:24 | Create | Monk |
| 25:49 | Create | Villager (Male) |
| 25:49 | Create | Villager (Male) |
| 25:50 | Create | Villager (Male) |
| 25:50 | Create | Villager (Male) |
| 26:09 | Build | University |
| 26:13 | Create | Villager (Male) |
| 26:13 | Create | Villager (Male) |
| 26:14 | Create | Villager (Male) |
| 26:29 | Build | Stable |
| 26:31 | Build | Stable |
| 26:33 | Build | Stable |
| 26:39 | Create | Villager (Male) |
| 26:39 | Create | Villager (Male) |
| 27:09 | Build | Pasture |
| 27:11 | Build | Pasture |
| 27:13 | Build | Pasture |
| 27:20 | Create | Villager (Male) |
| 27:20 | Create | Villager (Male) |
| 27:21 | Create | Villager (Male) |
Build order — watchout0723
First 150 of 453 actions detected
| 0:02 | Create | Villager (Male) |
| 0:02 | Create | Villager (Male) |
| 0:02 | Create | Villager (Male) |
| 0:03 | Create | Villager (Male) |
| 0:03 | Create | Villager (Male) |
| 0:07 | Build | House |
| 0:14 | Research | Loom |
| 0:14 | Create | Villager (Male) |
| 0:15 | Create | Villager (Male) |
| 0:15 | Create | Villager (Male) |
| 0:43 | Build | Palisade Wall |
| 1:52 | Build | Palisade Wall |
| 2:01 | Build | Lumber Camp |
| 2:07 | Create | Villager (Male) |
| 2:07 | Create | Villager (Male) |
| 2:24 | Build | House |
| 2:26 | Build | House |
| 2:46 | Create | Villager (Male) |
| 2:46 | Create | Villager (Male) |
| 3:03 | Create | Villager (Male) |
| 3:04 | Create | Villager (Male) |
| 3:28 | Build | House |
| 3:33 | Create | Villager (Male) |
| 3:34 | Create | Villager (Male) |
| 4:06 | Create | Villager (Male) |
| 4:06 | Create | Villager (Male) |
| 4:22 | Create | Villager (Male) |
| 4:41 | Create | Villager (Male) |
| 4:41 | Create | Villager (Male) |
| 5:23 | Create | Villager (Male) |
| 5:23 | Create | Villager (Male) |
| 5:56 | Build | Dock |
| 6:04 | Create | Villager (Male) |
| 6:04 | Create | Villager (Male) |
| 6:05 | Create | Villager (Male) |
| 6:06 | Create | Villager (Male) |
| 6:14 | Build | House |
| 6:48 | Create | Villager (Male) |
| 6:57 | Create | Fishing Ship |
| 7:19 | Create | Villager (Male) |
| 7:19 | Create | Villager (Male) |
| 7:20 | Create | Villager (Male) |
| 7:20 | Create | Villager (Male) |
| 7:20 | Create | Villager (Male) |
| 7:29 | Create | Fishing Ship |
| 7:37 | Build | House |
| 7:42 | Create | Villager (Male) |
| 7:43 | Create | Villager (Male) |
| 7:53 | Create | Villager (Male) |
| 7:54 | Create | Villager (Male) |
| 8:10 | Create | Fishing Ship |
| 8:21 | Create | Villager (Male) |
| 8:56 | Research | Feudal Age |
| 9:05 | Build | Mill |
| 9:33 | Build | Lumber Camp |
| 9:54 | Create | Fishing Ship |
| 9:55 | Create | Fishing Ship |
| 10:30 | Build | Mining Camp |
| 10:57 | Create | Villager (Male) |
| 10:57 | Create | Villager (Male) |
| 11:09 | Age | Feudal Age |
| 11:15 | Create | Villager (Male) |
| 11:15 | Create | Villager (Male) |
| 11:33 | Build | Mill |
| 11:38 | Create | Villager (Male) |
| 11:43 | Create | Villager (Male) |
| 12:00 | Create | Villager (Male) |
| 12:20 | Build | Market |
| 12:30 | Create | Villager (Male) |
| 12:30 | Create | Villager (Male) |
| 12:31 | Create | Villager (Male) |
| 12:58 | Build | Blacksmith |
| 13:09 | Build | House |
| 14:08 | Build | Lumber Camp |
| 14:26 | Research | Castle Age |
| 15:07 | Build | Dock |
| 15:41 | Build | House |
| 15:42 | Build | House |
| 16:31 | Research | Double-Bit Axe |
| 16:39 | Build | Mining Camp |
| 17:06 | Age | Castle Age |
| 17:11 | Build | Town Center |
| 17:21 | Build | Monastery |
| 17:32 | Build | University |
| 17:37 | Research | Bow Saw |
| 17:46 | Build | Fish Trap |
| 17:48 | Build | Fish Trap |
| 17:51 | Build | Fish Trap |
| 17:54 | Build | Fish Trap |
| 17:57 | Build | Fish Trap |
| 18:03 | Create | Monk |
| 18:15 | Create | Villager (Male) |
| 18:16 | Create | Villager (Male) |
| 18:26 | Build | Farm |
| 18:28 | Build | Farm |
| 18:50 | Build | Fish Trap |
| 18:56 | Create | Demolition Raft |
| 18:56 | Create | Demolition Raft |
| 19:25 | Build | Farm |
| 19:44 | Create | Villager (Male) |
| 19:45 | Create | Villager (Male) |
| 19:45 | Create | Villager (Male) |
| 20:12 | Create | Fishing Ship |
| 20:13 | Create | Fishing Ship |
| 20:19 | Build | Town Center |
| 20:23 | Create | Villager (Male) |
| 20:23 | Create | Villager (Male) |
| 20:30 | Create | Trade Cart |
| 20:30 | Create | Trade Cart |
| 20:46 | Create | Villager (Male) |
| 20:46 | Create | Villager (Male) |
| 21:02 | Build | Farm |
| 21:04 | Build | Farm |
| 21:06 | Build | Farm |
| 21:09 | Research | Horse Collar |
| 21:10 | Research | Horse Collar |
| 21:18 | Build | Fish Trap |
| 21:25 | Build | Fish Trap |
| 21:31 | Research | Tech 906 |
| 21:36 | Create | Demolition Raft |
| 21:36 | Create | Demolition Raft |
| 21:51 | Create | Villager (Male) |
| 21:51 | Create | Villager (Male) |
| 22:07 | Create | Demolition Raft |
| 22:08 | Create | Demolition Raft |
| 22:20 | Create | Fishing Ship |
| 22:25 | Create | Fishing Ship |
| 22:25 | Create | Fishing Ship |
| 22:32 | Create | Villager (Male) |
| 22:33 | Create | Villager (Male) |
| 22:38 | Build | Farm |
| 22:39 | Create | Villager (Male) |
| 22:39 | Create | Villager (Male) |
| 22:45 | Create | Fishing Ship |
| 22:45 | Create | Fishing Ship |
| 22:45 | Create | Fishing Ship |
| 22:45 | Create | Fishing Ship |
| 22:51 | Build | Farm |
| 22:52 | Create | Villager (Male) |
| 22:52 | Create | Villager (Male) |
| 22:52 | Create | Villager (Male) |
| 23:08 | Build | Fish Trap |
| 23:26 | Build | Fish Trap |
| 23:40 | Create | Villager (Male) |
| 23:40 | Create | Villager (Male) |
| 23:41 | Create | Villager (Male) |
| 23:41 | Create | Villager (Male) |
| 23:41 | Create | Villager (Male) |
| 23:41 | Create | Villager (Male) |
| 23:42 | Create | Villager (Male) |
Build order — Coffe Pot Bot
First 150 of 369 actions detected
| 0:01 | Create | Villager (Male) |
| 0:01 | Create | Villager (Male) |
| 0:03 | Build | House |
| 0:04 | Build | House |
| 0:37 | Create | Villager (Male) |
| 0:38 | Create | Villager (Male) |
| 0:38 | Create | Villager (Male) |
| 1:21 | Create | Villager (Male) |
| 1:21 | Create | Villager (Male) |
| 2:09 | Create | Villager (Male) |
| 2:10 | Create | Villager (Male) |
| 2:37 | Create | Villager (Male) |
| 3:03 | Create | Villager (Male) |
| 3:03 | Create | Villager (Male) |
| 4:06 | Create | Villager (Male) |
| 4:07 | Create | Villager (Male) |
| 4:51 | Create | Villager (Male) |
| 4:51 | Create | Villager (Male) |
| 5:03 | Build | House |
| 5:06 | Research | Loom |
| 5:07 | Create | Villager (Male) |
| 5:07 | Create | Villager (Male) |
| 5:35 | Build | House |
| 6:01 | Build | Lumber Camp |
| 6:41 | Build | Mill |
| 6:47 | Create | Villager (Male) |
| 6:48 | Create | Villager (Male) |
| 7:03 | Create | Villager (Male) |
| 7:39 | Build | Dock |
| 8:14 | Build | Farm |
| 8:17 | Create | Villager (Male) |
| 8:19 | Create | Villager (Male) |
| 9:14 | Research | Feudal Age |
| 9:14 | Research | Feudal Age |
| 9:21 | Create | Villager (Male) |
| 9:21 | Create | Villager (Male) |
| 9:22 | Create | Villager (Male) |
| 9:27 | Research | Feudal Age |
| 10:42 | Create | Villager (Male) |
| 10:43 | Create | Villager (Male) |
| 11:54 | Create | Fishing Ship |
| 11:54 | Create | Fishing Ship |
| 11:56 | Age | Feudal Age |
| 12:08 | Build | Blacksmith |
| 12:13 | Build | Market |
| 12:29 | Build | House |
| 12:34 | Build | House |
| 13:15 | Research | Castle Age |
| 13:32 | Build | Mining Camp |
| 13:45 | Build | Mining Camp |
| 14:00 | Build | Fish Trap |
| 14:06 | Build | Fish Trap |
| 14:17 | Create | Fishing Ship |
| 14:25 | Create | Villager (Male) |
| 14:25 | Create | Villager (Male) |
| 14:57 | Research | Double-Bit Axe |
| 14:58 | Research | Double-Bit Axe |
| 15:00 | Research | Horse Collar |
| 16:03 | Age | Castle Age |
| 16:04 | Create | Demolition Raft |
| 16:09 | Create | Fishing Ship |
| 16:22 | Build | Fish Trap |
| 16:40 | Build | Monastery |
| 16:43 | Create | Villager (Male) |
| 17:03 | Create | Villager (Male) |
| 17:27 | Create | Villager (Male) |
| 17:43 | Build | Town Center |
| 17:45 | Create | Monk |
| 17:51 | Research | Stone Mining |
| 18:03 | Build | House |
| 18:07 | Create | Villager (Male) |
| 18:07 | Create | Villager (Male) |
| 18:25 | Build | Barracks |
| 18:29 | Create | Villager (Male) |
| 18:33 | Research | Wheelbarrow |
| 18:34 | Create | Villager (Male) |
| 18:35 | Create | Villager (Male) |
| 18:38 | Build | House |
| 18:51 | Create | Villager (Male) |
| 19:28 | Build | Town Center |
| 19:53 | Create | Villager (Male) |
| 20:12 | Create | Villager (Male) |
| 20:12 | Create | Villager (Male) |
| 20:16 | Research | Gold Mining |
| 20:18 | Create | Trade Cart |
| 20:33 | Build | Farm |
| 20:35 | Build | Farm |
| 20:40 | Create | Fishing Ship |
| 20:40 | Create | Fishing Ship |
| 21:01 | Build | Farm |
| 21:10 | Research | Heavy Plow |
| 21:28 | Build | Castle |
| 21:37 | Build | Fish Trap |
| 21:43 | Create | Villager (Male) |
| 21:43 | Create | Villager (Male) |
| 21:45 | Create | Villager (Male) |
| 21:45 | Create | Villager (Male) |
| 21:52 | Create | Villager (Male) |
| 21:57 | Build | Farm |
| 22:02 | Build | Farm |
| 22:08 | Build | Fish Trap |
| 22:22 | Create | Villager (Male) |
| 22:22 | Create | Villager (Male) |
| 22:22 | Create | Villager (Male) |
| 22:33 | Build | Farm |
| 22:39 | Build | Farm |
| 22:42 | Create | Villager (Male) |
| 22:43 | Create | Villager (Male) |
| 22:43 | Create | Villager (Male) |
| 22:50 | Build | Farm |
| 22:57 | Create | Villager (Male) |
| 22:59 | Create | Villager (Male) |
| 23:20 | Build | Farm |
| 23:27 | Research | Bow Saw |
| 23:36 | Build | Farm |
| 23:40 | Create | Villager (Male) |
| 23:41 | Create | Villager (Male) |
| 23:44 | Create | Villager (Male) |
| 23:44 | Create | Villager (Male) |
| 23:54 | Build | Farm |
| 23:56 | Create | Villager (Male) |
| 23:56 | Create | Villager (Male) |
| 24:04 | Build | Farm |
| 24:08 | Create | Villager (Male) |
| 24:09 | Create | Villager (Male) |
| 24:13 | Build | House |
| 24:14 | Build | House |
| 24:15 | Build | House |
| 24:23 | Build | Farm |
| 24:42 | Build | Siege Workshop |
| 24:47 | Build | Farm |
| 24:56 | Create | Villager (Male) |
| 24:56 | Create | Villager (Male) |
| 24:56 | Create | Villager (Male) |
| 24:57 | Create | Villager (Male) |
| 24:57 | Create | Villager (Male) |
| 24:57 | Create | Villager (Male) |
| 25:24 | Research | Heavy Plow |
| 25:29 | Research | Stone Mining |
| 25:45 | Create | Villager (Male) |
| 25:46 | Create | Villager (Male) |
| 25:46 | Create | Villager (Male) |
| 25:46 | Create | Villager (Male) |
| 25:46 | Create | Villager (Male) |
| 25:47 | Create | Villager (Male) |
| 25:50 | Create | Longbowman |
| 25:50 | Create | Longbowman |
| 25:50 | Create | Longbowman |
| 25:51 | Create | Longbowman |
| 25:51 | Create | Longbowman |
Build order — TeBosMSU
First 150 of 233 actions detected
| 0:03 | Create | Villager (Male) |
| 0:04 | Research | Loom |
| 0:05 | Create | Villager (Male) |
| 0:05 | Create | Villager (Male) |
| 0:05 | Create | Villager (Male) |
| 0:05 | Create | Villager (Male) |
| 0:06 | Create | Villager (Male) |
| 0:18 | Build | House |
| 0:53 | Build | Palisade Wall |
| 2:25 | Create | Villager (Male) |
| 2:34 | Build | House |
| 3:04 | Build | Mill |
| 3:06 | Create | Villager (Male) |
| 3:07 | Create | Villager (Male) |
| 3:37 | Create | Villager (Male) |
| 4:02 | Create | Villager (Male) |
| 4:24 | Build | House |
| 4:30 | Create | Villager (Male) |
| 4:55 | Create | Villager (Male) |
| 5:04 | Build | House |
| 5:12 | Create | Villager (Male) |
| 5:34 | Create | Villager (Male) |
| 6:12 | Create | Villager (Male) |
| 6:12 | Create | Villager (Male) |
| 6:40 | Create | Villager (Male) |
| 6:40 | Create | Villager (Male) |
| 7:00 | Build | Lumber Camp |
| 9:07 | Build | Barracks |
| 9:20 | Build | House |
| 9:22 | Build | House |
| 9:27 | Research | Feudal Age |
| 10:25 | Build | Dock |
| 11:14 | Create | Fishing Ship |
| 11:24 | Create | Fishing Ship |
| 11:52 | Build | Stone Wall |
| 11:52 | Build | Stone Wall |
| 11:52 | Build | Stone Wall |
| 11:53 | Build | Stone Wall |
| 11:54 | Build | Stone Wall |
| 12:04 | Build | Gate |
| 12:17 | Research | Double-Bit Axe |
| 12:21 | Create | Villager (Male) |
| 12:22 | Create | Villager (Male) |
| 12:22 | Create | Villager (Male) |
| 12:42 | Build | Mill |
| 12:43 | Build | Mill |
| 13:12 | Build | Mining Camp |
| 13:25 | Create | Villager (Male) |
| 13:26 | Create | Villager (Male) |
| 14:10 | Create | Villager (Male) |
| 14:16 | Build | Mining Camp |
| 14:34 | Create | Villager (Male) |
| 15:08 | Build | Market |
| 15:14 | Create | Villager (Male) |
| 15:36 | Research | Tech 906 |
| 15:52 | Build | House |
| 15:55 | Build | House |
| 15:59 | Build | House |
| 16:03 | Create | Villager (Male) |
| 16:04 | Create | Villager (Male) |
| 16:28 | Research | Gold Mining |
| 16:31 | Research | Stone Mining |
| 16:35 | Create | Villager (Male) |
| 17:03 | Build | Farm |
| 17:06 | Research | Horse Collar |
| 17:22 | Build | Farm |
| 17:24 | Create | Villager (Male) |
| 17:43 | Create | Trade Cart |
| 17:57 | Build | Farm |
| 18:00 | Create | Villager (Male) |
| 18:31 | Build | Farm |
| 18:43 | Build | Blacksmith |
| 19:02 | Build | Mining Camp |
| 19:10 | Research | Castle Age |
| 19:43 | Build | Archery Range |
| 20:10 | Create | Trade Cart |
| 20:44 | Build | Stable |
| 20:46 | Research | Fletching |
| 20:48 | Research | Padded Archer Armor |
| 20:51 | Research | Scale Barding Armor |
| 20:53 | Research | Forging |
| 20:59 | Research | Scale Mail Armor |
| 21:59 | Build | Town Center |
| 22:15 | Create | Villager (Male) |
| 22:16 | Create | Villager (Male) |
| 22:22 | Create | Trade Cart |
| 22:30 | Build | House |
| 22:31 | Build | House |
| 22:33 | Build | House |
| 22:34 | Build | House |
| 22:39 | Create | Elephant Archer |
| 22:52 | Build | Farm |
| 23:02 | Build | Farm |
| 23:03 | Build | Farm |
| 23:04 | Build | Farm |
| 23:06 | Build | Farm |
| 23:11 | Build | Farm |
| 23:16 | Create | Villager (Male) |
| 23:28 | Build | Farm |
| 23:38 | Create | Villager (Male) |
| 23:46 | Create | Villager (Male) |
| 24:10 | Build | Town Center |
| 24:17 | Create | Villager (Male) |
| 24:20 | Create | Villager (Male) |
| 24:25 | Build | Farm |
| 24:44 | Create | Trade Cart |
| 24:59 | Build | Farm |
| 25:02 | Create | Villager (Male) |
| 25:05 | Create | Villager (Male) |
| 25:26 | Build | Siege Workshop |
| 25:35 | Build | Farm |
| 25:38 | Create | Villager (Male) |
| 25:42 | Research | Wheelbarrow |
| 25:46 | Create | Villager (Male) |
| 26:11 | Build | Farm |
| 26:21 | Research | Heavy Plow |
| 26:28 | Build | Fish Trap |
| 26:38 | Research | Bow Saw |
| 26:47 | Build | Fish Trap |
| 27:01 | Create | Villager (Male) |
| 27:14 | Build | Farm |
| 27:18 | Create | Villager (Male) |
| 27:18 | Create | Villager (Male) |
| 27:25 | Build | Farm |
| 27:43 | Build | Castle |
| 27:48 | Create | Villager (Male) |
| 27:52 | Create | Villager (Male) |
| 28:16 | Build | Stone Wall |
| 28:33 | Build | Gate |
| 28:42 | Research | Hand Cart |
| 28:46 | Create | Villager (Male) |
| 28:50 | Create | Villager (Male) |
| 28:50 | Create | Villager (Male) |
| 28:55 | Create | Trade Cart |
| 29:22 | Research | Caravan |
| 29:38 | Create | Villager (Male) |
| 29:39 | Create | Villager (Male) |
| 29:42 | Create | Villager (Male) |
| 29:43 | Create | Villager (Male) |
| 29:50 | Build | Farm |
| 29:51 | Build | Farm |
| 30:42 | Research | Imperial Age |
| 30:49 | Build | Archery Range |
| 30:57 | Research | Gold Shaft Mining |
| 31:01 | Create | Villager (Male) |
| 31:05 | Create | Villager (Male) |
| 31:05 | Create | Villager (Male) |
| 31:15 | Build | Farm |
| 31:17 | Build | Farm |
| 31:38 | Build | Archery Range |
Build order — BoatyMcBoatface
First 150 of 290 actions detected
| 0:02 | Build | House |
| 0:03 | Build | House |
| 0:04 | Create | Villager (Male) |
| 0:04 | Create | Villager (Male) |
| 0:05 | Create | Villager (Male) |
| 0:05 | Create | Villager (Male) |
| 1:37 | Create | Villager (Male) |
| 1:37 | Create | Villager (Male) |
| 2:11 | Create | Villager (Male) |
| 2:11 | Create | Villager (Male) |
| 2:31 | Create | Villager (Male) |
| 2:31 | Create | Villager (Male) |
| 2:48 | Create | Villager (Male) |
| 2:48 | Create | Villager (Male) |
| 3:10 | Create | Villager (Male) |
| 3:33 | Create | Villager (Male) |
| 3:46 | Build | House |
| 3:48 | Build | House |
| 4:08 | Build | Mill |
| 4:35 | Build | Lumber Camp |
| 5:02 | Create | Villager (Male) |
| 5:02 | Create | Villager (Male) |
| 5:02 | Create | Villager (Male) |
| 5:25 | Create | Villager (Male) |
| 5:26 | Create | Villager (Male) |
| 5:38 | Create | Villager (Male) |
| 6:20 | Create | Villager (Male) |
| 6:21 | Create | Villager (Male) |
| 6:21 | Create | Villager (Male) |
| 6:51 | Create | Villager (Male) |
| 7:00 | Research | Loom |
| 7:00 | Create | Villager (Male) |
| 7:01 | Create | Villager (Male) |
| 7:10 | Build | House |
| 7:15 | Build | House |
| 7:17 | Build | House |
| 7:23 | Create | Villager (Male) |
| 7:23 | Create | Villager (Male) |
| 8:52 | Create | Villager (Male) |
| 8:52 | Create | Villager (Male) |
| 9:42 | Create | Villager (Male) |
| 9:42 | Create | Villager (Male) |
| 9:43 | Create | Villager (Male) |
| 10:39 | Build | Mining Camp |
| 11:01 | Research | Feudal Age |
| 11:18 | Build | Dock |
| 12:48 | Create | Fishing Ship |
| 12:48 | Create | Fishing Ship |
| 13:11 | Age | Feudal Age |
| 13:13 | Build | Market |
| 13:16 | Build | Blacksmith |
| 13:21 | Create | Demolition Raft |
| 13:23 | Research | Double-Bit Axe |
| 13:27 | Research | Horse Collar |
| 13:38 | Build | Farm |
| 13:38 | Build | Farm |
| 13:39 | Build | Farm |
| 13:39 | Build | Farm |
| 13:39 | Build | Farm |
| 13:46 | Build | Farm |
| 13:50 | Build | Farm |
| 13:51 | Build | Farm |
| 13:51 | Build | Farm |
| 13:58 | Build | Farm |
| 13:58 | Build | Farm |
| 14:03 | Build | Farm |
| 14:04 | Build | Farm |
| 14:09 | Build | Farm |
| 14:09 | Build | Farm |
| 14:14 | Build | Farm |
| 14:15 | Build | Farm |
| 14:18 | Build | Farm |
| 14:18 | Build | Farm |
| 14:18 | Build | Farm |
| 14:26 | Build | Farm |
| 14:26 | Build | Farm |
| 14:33 | Build | Farm |
| 15:09 | Build | Palisade Wall |
| 15:21 | Create | Trade Cart |
| 16:12 | Create | Fishing Ship |
| 16:24 | Create | Fishing Ship |
| 16:28 | Create | Trade Cart |
| 17:15 | Build | Outpost |
| 17:31 | Build | Mining Camp |
| 17:40 | Research | Castle Age |
| 17:47 | Research | Tech 906 |
| 17:48 | Create | Fishing Ship |
| 18:56 | Research | Stone Mining |
| 20:20 | Age | Castle Age |
| 20:38 | Build | Town Center |
| 21:30 | Build | Town Center |
| 22:08 | Create | Villager (Male) |
| 22:08 | Create | Villager (Male) |
| 22:34 | Create | Villager (Male) |
| 22:36 | Create | Villager (Male) |
| 22:38 | Create | Villager (Male) |
| 22:38 | Create | Villager (Male) |
| 22:39 | Create | Villager (Male) |
| 23:06 | Research | Bow Saw |
| 23:09 | Create | Villager (Male) |
| 23:10 | Create | Villager (Male) |
| 23:10 | Create | Villager (Male) |
| 23:10 | Create | Villager (Male) |
| 23:20 | Build | Fish Trap |
| 23:21 | Build | Fish Trap |
| 23:22 | Build | Fish Trap |
| 23:23 | Build | Fish Trap |
| 23:24 | Build | Fish Trap |
| 23:38 | Build | Fish Trap |
| 23:39 | Build | Fish Trap |
| 23:44 | Build | Fish Trap |
| 23:50 | Build | Fish Trap |
| 24:06 | Build | Fish Trap |
| 24:15 | Create | Villager (Male) |
| 24:15 | Create | Villager (Male) |
| 24:15 | Create | Villager (Male) |
| 24:19 | Build | House |
| 24:20 | Build | House |
| 24:21 | Build | House |
| 24:22 | Build | House |
| 24:24 | Build | House |
| 24:25 | Build | House |
| 24:27 | Create | Villager (Male) |
| 24:27 | Create | Villager (Male) |
| 24:27 | Create | Villager (Male) |
| 24:33 | Build | Farm |
| 24:33 | Build | Farm |
| 24:33 | Build | Farm |
| 24:35 | Build | Farm |
| 24:37 | Build | Farm |
| 24:38 | Build | Farm |
| 24:53 | Build | Farm |
| 24:54 | Build | Farm |
| 24:57 | Build | Farm |
| 25:00 | Build | Farm |
| 25:09 | Build | Farm |
| 25:10 | Build | Farm |
| 25:12 | Build | Farm |
| 25:22 | Build | House |
| 25:22 | Build | House |
| 25:23 | Build | House |
| 25:25 | Build | House |
| 25:26 | Build | House |
| 25:26 | Build | House |
| 25:28 | Create | Villager (Male) |
| 25:29 | Create | Villager (Male) |
| 25:34 | Create | Villager (Male) |
| 25:37 | Create | Villager (Male) |
| 25:38 | Create | Villager (Male) |
| 25:44 | Build | Castle |
Build order — ReddieSWE
First 150 of 297 actions detected
| 0:01 | Create | Villager (Male) |
| 0:01 | Create | Villager (Male) |
| 0:05 | Build | House |
| 0:07 | Build | House |
| 0:42 | Create | Villager (Male) |
| 1:05 | Create | Villager (Male) |
| 1:12 | Research | Loom |
| 1:55 | Build | Palisade Wall |
| 2:02 | Create | Villager (Male) |
| 2:02 | Create | Villager (Male) |
| 2:15 | Create | Villager (Male) |
| 2:34 | Create | Villager (Male) |
| 3:24 | Create | Villager (Male) |
| 3:30 | Build | Lumber Camp |
| 3:33 | Create | Villager (Male) |
| 3:59 | Create | Villager (Male) |
| 4:51 | Build | House |
| 5:01 | Create | Villager (Male) |
| 5:41 | Create | Villager (Male) |
| 5:41 | Create | Villager (Male) |
| 6:08 | Build | Mill |
| 6:10 | Create | Villager (Male) |
| 6:37 | Create | Villager (Male) |
| 7:33 | Build | Dock |
| 7:52 | Build | House |
| 8:14 | Create | Villager (Male) |
| 8:15 | Create | Villager (Male) |
| 8:50 | Build | Lumber Camp |
| 9:23 | Create | Villager (Male) |
| 9:25 | Create | Villager (Male) |
| 9:41 | Research | Feudal Age |
| 9:46 | Create | Fishing Ship |
| 10:23 | Create | Fishing Ship |
| 10:56 | Build | House |
| 11:10 | Create | Fishing Ship |
| 11:48 | Create | Villager (Male) |
| 11:58 | Age | Feudal Age |
| 11:59 | Build | Barracks |
| 12:07 | Create | Villager (Male) |
| 12:11 | Create | Fishing Ship |
| 12:17 | Research | Double-Bit Axe |
| 12:49 | Build | Blacksmith |
| 13:01 | Build | House |
| 13:13 | Create | Villager (Male) |
| 13:14 | Create | Villager (Male) |
| 13:16 | Create | Villager (Male) |
| 13:27 | Build | Mining Camp |
| 13:42 | Build | Farm |
| 13:43 | Build | Farm |
| 13:43 | Build | Farm |
| 14:07 | Create | Villager (Male) |
| 14:16 | Build | Market |
| 14:47 | Build | Archery Range |
| 14:55 | Create | Villager (Male) |
| 15:30 | Build | House |
| 15:34 | Create | Villager (Male) |
| 15:38 | Create | Villager (Male) |
| 16:00 | Research | Horse Collar |
| 16:21 | Build | House |
| 16:23 | Build | House |
| 16:34 | Research | Castle Age |
| 17:20 | Create | Fishing Ship |
| 17:21 | Create | Fishing Ship |
| 17:22 | Create | Fishing Ship |
| 17:22 | Create | Fishing Ship |
| 17:44 | Build | Farm |
| 17:45 | Build | Farm |
| 17:45 | Build | Farm |
| 17:46 | Build | Farm |
| 18:04 | Research | Forging |
| 18:13 | Research | Fletching |
| 19:14 | Age | Castle Age |
| 19:19 | Build | Town Center |
| 19:36 | Build | Town Center |
| 19:47 | Create | Villager (Male) |
| 19:47 | Create | Villager (Male) |
| 19:48 | Create | Villager (Male) |
| 19:54 | Build | Fish Trap |
| 19:59 | Build | Fish Trap |
| 20:05 | Build | Fish Trap |
| 20:10 | Build | Fish Trap |
| 20:21 | Build | Fish Trap |
| 20:39 | Create | Villager (Male) |
| 20:41 | Create | Villager (Male) |
| 20:42 | Create | Villager (Male) |
| 20:42 | Create | Villager (Male) |
| 20:43 | Create | Villager (Male) |
| 21:03 | Build | Fish Trap |
| 21:31 | Build | Lumber Camp |
| 21:34 | Create | Villager (Male) |
| 21:36 | Create | Villager (Male) |
| 21:40 | Create | Villager (Male) |
| 21:40 | Create | Villager (Male) |
| 21:55 | Build | Fish Trap |
| 22:13 | Create | Villager (Male) |
| 22:15 | Create | Villager (Male) |
| 22:17 | Create | Villager (Male) |
| 22:43 | Build | University |
| 22:56 | Create | Villager (Male) |
| 23:00 | Create | Villager (Male) |
| 23:00 | Create | Villager (Male) |
| 23:09 | Build | Fish Trap |
| 23:16 | Research | Tech 906 |
| 23:27 | Research | Bow Saw |
| 23:37 | Build | Farm |
| 23:44 | Create | Villager (Male) |
| 24:04 | Build | House |
| 24:15 | Create | Villager (Male) |
| 24:16 | Create | Villager (Male) |
| 24:30 | Research | Heavy Plow |
| 24:50 | Build | Farm |
| 24:51 | Build | Farm |
| 24:51 | Build | Farm |
| 24:57 | Build | House |
| 24:59 | Build | House |
| 25:00 | Build | House |
| 25:04 | Build | House |
| 25:06 | Build | House |
| 25:06 | Build | House |
| 25:34 | Build | Castle |
| 25:43 | Research | Wheelbarrow |
| 25:47 | Research | Town Watch |
| 25:51 | Research | Chemistry |
| 26:03 | Create | Villager (Male) |
| 26:04 | Create | Villager (Male) |
| 26:04 | Create | Villager (Male) |
| 26:26 | Create | Villager (Male) |
| 26:30 | Create | Villager (Male) |
| 26:43 | Build | Farm |
| 26:43 | Build | Farm |
| 26:44 | Build | Farm |
| 26:44 | Build | Farm |
| 27:10 | Build | Farm |
| 27:25 | Build | Farm |
| 27:25 | Build | Farm |
| 27:29 | Build | Farm |
| 27:35 | Create | Hand Cannoneer |
| 27:35 | Create | Hand Cannoneer |
| 27:37 | Create | Hand Cannoneer |
| 27:38 | Create | Hand Cannoneer |
| 27:39 | Create | Hand Cannoneer |
| 27:40 | Create | Hand Cannoneer |
| 27:40 | Create | Hand Cannoneer |
| 28:05 | Build | Archery Range |
| 28:59 | Research | Padded Archer Armor |
| 29:27 | Research | Imperial Age |
| 29:30 | Create | Villager (Male) |
| 29:30 | Create | Villager (Male) |
| 29:45 | Build | Farm |
| 29:45 | Build | Farm |
Match timeline
| 0:43 | watchout0723 · wall_segment Palisade Wall x10 |
| 0:53 | TeBosMSU · wall_segment Palisade Wall x15 |
| 1:52 | watchout0723 · wall_segment Palisade Wall x1 |
| 1:55 | ReddieSWE · wall_segment Palisade Wall x9 |
| 5:56 | watchout0723 · first_building Dock |
| 7:33 | ReddieSWE · first_building Dock |
| 7:39 | Coffe Pot Bot · first_building Dock |
| 9:07 | TeBosMSU · first_building Barracks |
| 10:25 | TeBosMSU · first_building Dock |
| 10:32 | RedGrant · age_up feudal |
| 11:09 | watchout0723 · age_up feudal |
| 11:18 | BoatyMcBoatface · first_building Dock |
| 11:52 | TeBosMSU · wall_segment Stone Wall x1 |
| 11:52 | TeBosMSU · wall_segment Stone Wall x1 |
| 11:52 | TeBosMSU · wall_segment Stone Wall x1 |
| 11:53 | TeBosMSU · wall_segment Stone Wall x10 |
| 11:54 | TeBosMSU · wall_segment Stone Wall x3 |
| 11:56 | Coffe Pot Bot · age_up feudal |
| 11:58 | ReddieSWE · age_up feudal |
| 11:59 | ReddieSWE · first_building Barracks |
| 13:11 | BoatyMcBoatface · age_up feudal |
| 13:13 | Coffe Pot Bot · first_market_sell 100 stone |
| 14:47 | ReddieSWE · first_building Archery Range |
| 15:09 | BoatyMcBoatface · wall_segment Palisade Wall x12 |
| 15:49 | RedGrant · first_building Barracks |
| 16:03 | Coffe Pot Bot · age_up castle |
| 16:12 | RedGrant · age_up castle |
| 16:40 | Coffe Pot Bot · first_building Monastery |
| 17:06 | watchout0723 · age_up castle |
| 17:21 | watchout0723 · first_building Monastery |
| 17:42 | RedGrant · first_building Stable |
| 17:47 | TeBosMSU · first_market_buy 100 food |
| 18:25 | Coffe Pot Bot · first_building Barracks |
| 19:14 | ReddieSWE · age_up castle |
| 19:18 | RedGrant · first_market_buy 100 wood |
| 19:43 | TeBosMSU · first_building Archery Range |
| 20:20 | BoatyMcBoatface · age_up castle |
| 20:44 | TeBosMSU · first_building Stable |
| 21:28 | Coffe Pot Bot · first_building Castle |
| 23:19 | RedGrant · first_building Castle |
| 23:36 | RedGrant · first_building Monastery |
| 24:42 | Coffe Pot Bot · first_building Siege Workshop |
| 25:26 | TeBosMSU · first_building Siege Workshop |
| 25:27 | watchout0723 · first_building Castle |
| 25:34 | ReddieSWE · first_building Castle |
| 25:44 | BoatyMcBoatface · first_building Castle |
| 25:59 | watchout0723 · first_building Barracks |
| 27:40 | Coffe Pot Bot · first_building Archery Range |
| 27:43 | TeBosMSU · first_building Castle |
| 28:16 | TeBosMSU · wall_segment Stone Wall x14 |
| 29:04 | Coffe Pot Bot · first_building Stable |
| 30:43 | watchout0723 · age_up imperial |
| 31:45 | RedGrant · age_up imperial |
| 31:52 | watchout0723 · first_building Archery Range |
| 32:13 | watchout0723 · first_market_sell 100 wood |
| 32:26 | watchout0723 · first_market_buy 100 stone |
| 32:37 | ReddieSWE · age_up imperial |
| 32:39 | BoatyMcBoatface · age_up imperial |
| 33:26 | watchout0723 · first_building Siege Workshop |
| 33:34 | ReddieSWE · first_building Siege Workshop |
| 33:56 | BoatyMcBoatface · first_building Barracks |
| 34:25 | RedGrant · first_market_sell 100 wood |
| 34:47 | BoatyMcBoatface · first_building Archery Range |
| 35:07 | watchout0723 · wall_segment Stone Wall x18 |
| 35:37 | Coffe Pot Bot · age_up imperial |
| 36:26 | ReddieSWE · first_building Stable |
| 36:59 | ReddieSWE · wall_segment Stone Wall x4 |
| 40:33 | BoatyMcBoatface · first_market_buy 500 food |
| 41:39 | Coffe Pot Bot · wall_segment Stone Wall x15 |
| 44:51 | ReddieSWE · wall_segment Stone Wall x4 |
| 47:19 | ReddieSWE · resign |
[ AI ANALYSIS · 1 CREDIT ]
What really happened in this match?
Wolo.gg analyzes every decision: build order, eco, micro, common mistakes by bracket. Personalized analysis on WhatsApp or Discord in 30 seconds.
Civ guide
Khitans
Perfil
Jugador #531600